 Dungeon Crawl Stone Soup version 0.31-a0-1242-g57893ffec4 (webtiles) character file.

Game seed: 16004503054336025110

19518 James the Grappler (level 12, -3/126 HPs)
             Began as a Troll Berserker on Dec 16, 2023.
             Was a High Priest of Trog.
             Slain by a meliai
             ... wielding a +0 war axe
              (8 damage)
             ... on level 12 of the Dungeon.
             The game lasted 00:31:40 (11434 turns).

James the Grappler (Troll Berserker)               Turns: 11434, Time: 00:31:40

Health: -3/126     AC:  3    Str: 32    XL:     12   Next: 37%
Magic:  11/11      EV: 14    Int:  3    God:    Trog [*****.]
Gold:   1091       SH:  0    Dex:  9    Spells: 11/11 levels left

rFire   . .          .
                       - Unarmed
rCold   . . .        (shield currently unavailable)
rNeg    + . .        C - melded +0 steam dragon scales
rPois   .            (helmet restricted)
rElec   .            T - +0 cloak
rCorr   .            (gloves unavailable)
SInv    .            (boots unavailable)
Will    .....        b - amulet of the acrobat
Stlth   +            p - +4 ring of slaying
HPRegen 1.21/turn    H - ring of positive energy
MPRegen 0.12/turn

%: acrobat
@: flux-form, glowing
A: glow, contaminating, large, unfitting armour, claws 3, regeneration 1, shaggy
fur 1, tough skin 1
a: Begin Untransformation, Renounce Religion, Berserk, Trog's Hand, Brothers in
Arms


You were on level 12 of the Dungeon.
You worshipped Trog.
Trog was extremely pleased with you.
You were something dangerously unstable.
You visited 2 branches of the dungeon, and saw 13 of its levels.
You also visited: Ossuary.

You collected 1091 gold pieces.

Inventory:

Hand Weapons
 i - a +1 halberd
   (You took it off Grum on level 8 of the Dungeon)
 q - a +3 dagger of freezing
   (You found it on level 3 of the Dungeon)
 E - a +7 antimagic giant spiked club
   (Trog gifted it to you on level 8 of the Dungeon)
 N - the +2 quarterstaff "Joyffif" {flame, rC+ rN+}
   (You found it on level 10 of the Dungeon)

   rC+:       It protects you from cold.
   rN+:       It protects you from negative energy.
 X - a +3 battleaxe
   (You took it off a wight on level 7 of the Dungeon)
Missiles
 h - 5 boomerangs
 r - a curare-tipped dart {!f}
 x - 5 throwing nets {!f}
 z - 5 large rocks
 M - 43 poisoned darts
Armour
 B - an orb of light
   (You found it on level 4 of the Dungeon)
 C - +0 steam dragon scales (melded)
   (You found it on level 7 of the Dungeon)
 O - +0 steam dragon scales
   (You found it on level 6 of the Dungeon)
 T - a +0 cloak (worn)
   (You found it on level 10 of the Dungeon)
 W - a +0 robe
   (You took it off a wight on level 7 of the Dungeon)
 Y - a +0 robe
   (You took it off an orc wizard on level 7 of the Dungeon)
 Z - a +0 robe
   (You took it off an orc wizard on level 7 of the Dungeon)
Jewellery
 b - an amulet of the acrobat (around neck)
   (You found it on level 1 of the Dungeon)
 e - an amulet of magic regeneration
   (You found it on level 1 of the Dungeon)
 p - a +4 ring of slaying (left claw)
   (You found it in an ossuary)
 H - a ring of positive energy (right claw)
   (You found it on level 9 of the Dungeon)
Talismans
 P - a flux talisman (active)
   (You found it on level 6 of the Dungeon)
Wands
 k - a wand of polymorph (8)
   (You took it off Grum on level 8 of the Dungeon)
 l - a wand of mindburst (7)
   (You found it in an ossuary)
 s - a wand of charming (19)
   (You found it on level 3 of the Dungeon)
 t - a wand of flame (24)
   (You found it on level 8 of the Dungeon)
 v - a wand of digging (10)
   (You found it on level 5 of the Dungeon)
 R - a wand of roots (2)
   (You found it on level 6 of the Dungeon)
Scrolls
 m - a scroll of enchant weapon
 y - a scroll of amnesia {unknown}
 A - 2 scrolls of fog {unknown}
 D - 2 scrolls of enchant armour {unknown}
 F - a scroll of vulnerability {unknown}
 G - 4 scrolls of teleportation {unknown}
 I - 6 scrolls of revelation {unknown}
 J - a scroll of poison {unknown}
 K - 2 scrolls of butterflies {unknown}
 Q - 4 scrolls of fear
 S - 2 scrolls of blinking {unknown}
 U - a scroll of brand weapon
 V - a scroll of silence {unknown}
Potions
 a - 3 potions of heal wounds {@q2}
 c - 3 potions of invisibility
 d - 2 potions of resistance
 f - 4 potions of mutation {!q}
 g - 10 potions of curing {@q1}
 j - a potion of might
 n - 4 potions of enlightenment
 o - 2 potions of berserk rage
 u - 3 potions of haste {@q3}
 w - 2 potions of magic
Miscellaneous
 L - a lightning rod (4/4) {!a}
   (You found it on level 10 of the Dungeon)


   Skills:
 - Level 10.0 Fighting
 - Level 2.4 Dodging
 - Level 13.0 Unarmed Combat
 + Level 11.0 Shapeshifting


You had 11 spell levels left.
You didn't know any spells.
Your spell library was empty.

Dungeon Overview and Level Annotations

Branches:
Dungeon (12/15)            Temple (1/1) D:6            Lair (0/5) D:9
Ossuary (visited)
    Orc: D:9-12

Altars:
Ashenzari
Cheibriados
Dithmenos
Elyvilon
Fedhas
Gozag
Hepliaklqana
Kikubaaqudgha
Makhleb
Nemelex Xobeh
Okawaru
Qazlal
Ru
Sif Muna
Trog
Uskayaw
Vehumet
Wu Jian
Xom
Yredelemnul
Zin
The Shining One

Shops:
D:3 [   D:4 [

Annotations:
D:8 3 runed translucent doors, rumpelstilzz's ghost, novice OpVM


Innate Abilities, Weirdness & Mutations

You are something dangerously unstable.
You glow with magical radiation, making you easy to see and hit.
Foes you strike become dangerously contaminated with magical radiation.
You are incapable of wielding weapons or throwing items.
You are too large for most types of armour.
You have claws for hands.
Your natural rate of healing is unusually fast.
You are covered in fur. (AC +1)
You have tough skin. (AC +1)


Message History

The meliai hits you with a +1 hand axe of freezing.
The meliai freezes you. The meliai completely misses you.
A troll comes into view.
You mangle the meliai!!
The meliai glows dangerously bright.
The meliai closely misses you. The meliai misses you.
The meliai hits you with a +0 war axe!
The meliai stings you but does no damage.
You claw the meliai!
You kill the meliai!
Trog accepts your kill.
The meliai completely misses you. x2; The meliai hits you with a +0 war axe!!
The meliai closely misses you.
Training target 11.0 for Shapeshifting reached!
Your Shapeshifting skill increases to level 11!
You need to enable at least one skill for training.
You mangle the meliai!!
The meliai begins to glow.
The meliai hits you with a +0 war axe!!
* * * LOW HITPOINT WARNING * * *
The meliai stings you.
* * * LOW HITPOINT WARNING * * *
You completely miss the meliai. The meliai closely misses you.
The meliai stings you!
* * * LOW HITPOINT WARNING * * *
The meliai barely misses you. The meliai stings you!
* * * LOW HITPOINT WARNING * * *
The troll bites you!
* * * LOW HITPOINT WARNING * * *
The troll claws you.
* * * LOW HITPOINT WARNING * * *
The troll claws you.
* * * LOW HITPOINT WARNING * * *
You closely miss the meliai. The meliai hits you with a +0 war axe!
* * * LOW HITPOINT WARNING * * *
The meliai stings you but does no damage.
You feel much better. The meliai misses you. The meliai stings you!
* * * LOW HITPOINT WARNING * * *
The troll closely misses you. The troll claws you!
* * * LOW HITPOINT WARNING * * *
The troll barely misses you. The meliai hits you with a +0 war axe.
* * * LOW HITPOINT WARNING * * *
The meliai stings you!
* * * LOW HITPOINT WARNING * * *
Okay, then.
Unknown command.
You feel much better. The meliai misses you. The meliai barely misses you.
The troll bites you!
* * * LOW HITPOINT WARNING * * *
The troll completely misses you. The troll barely misses you.
The meliai hits you with a +0 war axe!
You die...

#....#.........##
#......###.#.......
##.....#
#..#.##....
.##....## #.####
... .........###.#
..
...#.#....##.####..
.
....##..#..........
........###..##....
.....#####.p..# .
...## #yT....... .
#..###...# ..##
...# ... ... ....
.. ..... ......


You could see a troll and a meliai (contam).

Vanquished Creatures
  Erolcha (D:9)
  2 two-headed ogres
  Harold (D:10)
  A centaur warrior (D:10)
  Lodul (D:10)
  Pikel (D:5)
  2 manticores
  2 cyclopes
  A gargoyle (D:10)
  Psyche (D:11)
  A kobold demonologist (D:11)
  A komodo dragon (D:11)
  2 meliai (D:12)
  2 trolls
  A hornet (D:9)
  12 yaks
  4 wyverns
  7 steam dragons
  2 basilisks (D:9)
  Menkaure (D:5)
  Grum (D:8)
  7 water moccasins
  Duvessa (D:5)
  6 orc warriors
  5 black bears
  4 sky beasts
  3 wolves
  12 ogres
  3 centaurs
  A phantom (D:5)
  7 kobold brigands
  Blork the orc (D:4)
  4 bullfrogs
  6 scorpions
  8 wights
  2 gnoll sergeants (D:8)
  Dowan (D:5)
  6 killer bees (D:11)
  4 howler monkeys
  An electric eel (D:10)
  18 hounds
  2 centaur zombies (Ossuary)
  2 sleepcaps
  3 gnoll boudas (D:8)
  4 jellies
  17 orc priests
  12 orc wizards
  4 iguanas
  3 ogre zombies (Ossuary)
  7 mummies (Ossuary)
  11 adders
  13 gnolls
  2 shadow imps
  3 white imps
  2 ufetubi (D:6)
  4 adder zombies (Ossuary)
  3 worms
  2 dart slugs
  37 orcs
  6 ball pythons
  9 bats
  5 endoplasms
  3 giant cockroaches
  5 goblins (D:1)
  12 hobgoblins
  15 jackals
  4 quokkas
  4 frilled lizards
  5 goblin zombies (Ossuary)
  5 hobgoblin zombies (Ossuary)
  22 kobolds
  3 kobold zombies (Ossuary)
  3 quokka zombies (Ossuary)
  5 rats
  5 rat zombies (Ossuary)
389 creatures vanquished.

Notes
Turn   | Place    | Note
-------+----------+-------------------------------------------
     0 | D:1      | James the Troll Berserker began the quest for the Orb.
     0 | D:1      | Reached XP level 1. HP: 22/22 MP: 0/0
   156 | D:1      | Reached XP level 2. HP: 21/29 MP: 1/1
   516 | D:1      | Reached ** piety under Trog
   517 | D:1      | Reached skill level 4 in Unarmed Combat
   535 | D:1      | Found a faded altar of an unknown god.
   608 | D:2      | Reached XP level 3. HP: 36/36 MP: 2/2
   807 | D:2      | Reached XP level 4. HP: 44/44 MP: 3/3
   870 | D:2      | Reached skill level 5 in Unarmed Combat
  1310 | D:3      | Found Waiss's Antique Armour Shoppe.
  1382 | D:3      | Reached *** piety under Trog
  1878 | D:3      | Reached XP level 5. HP: 46/50 MP: 4/4
  2074 | D:3      | Reached skill level 6 in Unarmed Combat
  2261 | D:4      | Noticed a black bear
  2272 | D:4      | Killed a black bear
  2304 | D:4      | Reached skill level 7 in Unarmed Combat
  2304 | D:4      | Reached XP level 6. HP: 48/59 MP: 5/5
  2315 | D:4      | Found a sand-covered staircase.
  2324 | Ossuary  | Entered an ossuary
  2468 | Ossuary  | Reached **** piety under Trog
  2672 | Ossuary  | Reached skill level 8 in Unarmed Combat
  2676 | Ossuary  | Reached XP level 7. HP: 49/66 MP: 6/6
  2941 | D:4      | Found Juacwyf's Armour Shop.
  2955 | D:4      | Found a shadowy altar of Dithmenos.
  2999 | D:4      | Noticed Blork the orc
  3011 | D:4      | Killed Blork the orc
  3086 | D:4      | Reached ***** piety under Trog
  3248 | D:4      | Reached skill level 5 in Fighting
  3399 | D:4      | Found a glowing golden altar of the Shining One.
  3719 | D:4      | Found a blossoming altar of Fedhas.
  4013 | D:5      | Entered Level 5 of the Dungeon
  4083 | D:5      | Noticed Menkaure
  4092 | D:5      | Killed Menkaure
  4093 | D:5      | Reached XP level 8. HP: 65/81 MP: 7/7
  4362 | D:5      | Found a stormy altar of Qazlal.
  4363 | D:5      | Noticed Duvessa
  4363 | D:5      | Noticed Dowan
  4375 | D:5      | Killed Duvessa
  4376 | D:5      | Reached skill level 9 in Unarmed Combat
  4387 | D:5      | Killed Dowan
  4681 | D:5      | Found a shimmering altar of Xom.
  4777 | D:5      | Reached skill level 10 in Unarmed Combat
  4863 | D:5      | Found an ornate altar of the Wu Jian Council.
  5079 | D:6      | Reached XP level 9. HP: 85/89 MP: 8/8
  5104 | D:6      | Found a staircase to the Ecumenical Temple.
  5131 | Temple   | Entered the Ecumenical Temple
  5192 | D:6      | Noticed Pikel
  5203 | D:6      | Reached skill level 11 in Unarmed Combat
  5265 | D:5      | Killed Pikel
  5430 | D:6      | Received a gift from Trog
  6300 | D:7      | Reached XP level 10. HP: 93/106 MP: 9/9
  6681 | D:7      | Reached skill level 1 in Shapeshifting
  6845 | D:8      | Noticed Grum
  6862 | D:8      | Killed Grum
  6995 | D:8      | Found a runed translucent gate.
  6995 | D:8      | Found a runed translucent gate.
  6995 | D:8      | Found a runed translucent gate.
  7043 | D:8      | Reached skill level 5 in Shapeshifting
  7155 | D:8      | Noticed rumpelstilzz's ghost (novice OpVM)
  7398 | D:8      | Received a gift from Trog
  7655 | D:8      | Noticed a cyclops
  7669 | D:8      | Killed a cyclops
  7719 | D:8      | Reached XP level 11. HP: 98/115 MP: 10/10
  8300 | D:9      | Noticed Erolcha
  8312 | D:10     | Entered Level 10 of the Dungeon
  8584 | D:9      | Reached skill level 10 in Shapeshifting
  8665 | D:9      | Found a staircase to the Lair.
  8736 | D:9      | Reached ****** piety under Trog
  8956 | D:9      | Killed Erolcha
  9072 | D:10     | Identified the +2 quarterstaff "Joyffif" {flame, rC+ rN+}
  9156 | D:10     | Reached skill level 12 in Unarmed Combat
  9174 | D:10     | Received a gift from Trog
  9367 | D:10     | Noticed Lodul
  9618 | D:10     | Noticed a two-headed ogre
  9636 | D:10     | Killed a two-headed ogre
  9713 | D:10     | Noticed Harold
  9716 | D:10     | Killed Harold
  9763 | D:10     | Reached skill level 13 in Unarmed Combat
  9766 | D:10     | Killed Lodul
  9871 | D:10     | Noticed a centaur warrior
  9879 | D:10     | Killed a centaur warrior
  9880 | D:10     | Reached XP level 12. HP: 45/122 MP: 11/11
 10450 | D:11     | Noticed a two-headed ogre
 10456 | D:11     | Killed a two-headed ogre
 10668 | D:11     | Reached skill level 10 in Fighting
 10740 | D:11     | Noticed Psyche
 10747 | D:11     | Killed Psyche
 11432 | D:12     | HP: 5/126 [meliai/+0 war axe (8)]
 11433 | D:12     | HP: 1/126 [meliai/+0 war axe (10)]
 11434 | D:12     | Slain by a meliai

Illustrated notes

Levels and vault maps discovered:
D:1:      amcnicky_arrival_underground_garden, layout_basic,
          dreamdust_ecumenical_altar_hidden_monk_grotto
D:2:      layout_basic
D:3:      layout_basic, serial_shops, nicolae_shop_rolling_square
D:4:      layout_basic, mainiacjoe_overflow_small_starburst,
          lemuel_coloured_pillars_altar, lemuel_round_altar, enter_ossuary_1,
          nicolae_stop_n_shop_2, uniq_blork_the_orc
D:5:      layout_basic, mainiacjoe_overflow_tiny_flanked,
          nicolae_qazlal_beasts_of_the_sky, kennysheep_little_box,
          minmay_fractal_squares_5, uniq_menkaure, uniq_duvessa
D:6:      cheibrodos_fzero, layout_basic, minmay_temple_entry_antechambers,
          uniq_pikel
D:7:      kennysheep_spiral_hall, layout_loops_ring
D:8:      lemuel_castle_with_subvaults [lemuel_castle_interior_carwin_3],
          layout_cave_pools, ebering_ghost_rock_garden,
          serial_library_hellmonk_room_c, minmay_misc_feat_plants,
          hangedman_misty_isle, uniq_grum
D:9:      layout_basic, minmay_lair_entry_grove, uniq_erolcha
D:10:     layout_cave_pools, hive_lemuel, uniq_harold, uniq_lodul
D:11:     layout_cave_pods, serial_rivers, chequers_serial_rivers_small_a,
          chequers_serial_rivers_large_a, chequers_serial_rivers_room_b,
          chequers_serial_rivers_room_b, chequers_serial_rivers_room_b,
          uniq_psyche
D:12:     layout_cave_pools, minmay_orc_entry_temple_small
Temple:   nicolae_temple_slightly_damp_pantheon

Skill      XL: |  1  2  3  4  5  6  7  8  9 10 11 12 |
---------------+-------------------------------------+-----
Unarmed Combat | 4 5 7 8 10 11 13 | 13.0
Fighting       | 5 6 8 9 10 | 10.0
Shapeshifting  | 8 10 11 | 11.0
Dodging        | |  2.4

Action                     |  1- 3 |  4- 6 |  7- 9 | 10-12 || total
---------------------------+-------+-------+-------+-------++-------
  Melee: Unarmed           |   110 |   200 |   212 |   455 ||   977
         Punch             |     2 |     4 |     8 |    11 ||    25
 Invoke: Berserk           |       |       |     1 |     4 ||     5
    Use: Scroll            |       |    10 |     3 |     4 ||    17
         Potion            |       |       |       |     2 ||     2
   Stab: Sleeping          |       |       |       |     1 ||     1
 Armour: Animal skin       |    71 |   106 |   134 |    30 ||   341
         Steam dragon scal |       |       |       |   116 ||   116
         Skin              |       |       |       |   200 ||   200
  Dodge: Dodged            |    59 |    92 |   101 |   357 ||   609
   Form: Flux              |       |       |       |     2 ||     2
                           |       |       |       |     1 ||     1

Table legend: (Time is in decaauts)
 A = Elapsed time spent in this place.
 B = Non-inter-level travel time spent in this place.
 C = Inter-level travel time spent in this place.
 D = Time resting spent in this place.
 E = Time spent auto-exploring this place.
 F = Levels seen in this place.
 G = Mean time per level.
                   A        B        C        D        E       F      G
               +--------+--------+--------+--------+--------+-----+--------+
         Total |  11331 |  10696 |    635 |   1087 |   6860 |  14 |  809.4 |
       Dungeon |  10876 |  10241 |    635 |   1087 |   6603 |  12 |  906.3 |
        Temple |      1 |      1 |      0 |      0 |      0 |   1 |    1.0 |
       Ossuary |    453 |    453 |      0 |      0 |    257 |   1 |  453.0 |
               +--------+--------+--------+--------+--------+-----+--------+

Top non-repeatable levels by time:
     D:8: 1240 daAuts
     D:4: 1226 daAuts
    D:10: 1187 daAuts
     D:9: 1148 daAuts
     D:5: 1143 daAuts
    D:11: 995 daAuts
     D:3: 977 daAuts
     D:7: 842 daAuts
     D:6: 778 daAuts
     D:2: 710 daAuts
     D:1: 601 daAuts
 Ossuary: 453 daAuts
    D:12: 24 daAuts
  Temple: 1 daAuts
